 Dungeon Crawl Stone Soup version 0.29-a0-322-g68df515 (webtiles) character file.

Game seed: 3726565069927647699

4577 Illumine the Nimble (level 10, 0/82 HPs)
             Began as a Gnoll Monk on Apr 9, 2022.
             Was an Initiate of Gozag.
             Slain by a wyvern (8 damage)
             ... while petrified by a basilisk
             ... on level 8 of the Dungeon.
             The game lasted 00:16:03 (10333 turns).

Illumine the Nimble (Gnoll Monk)                   Turns: 10333, Time: 00:16:03

Health: 0/82       AC:  6    Str: 15    XL:     10   Next: 41%
Magic:  17/17      EV:  2    Int: 10    God:    Gozag
Gold:   1175       SH:  0    Dex: 14    Spells: 13/19 levels left

rFire   . . .      SeeInvis .   y - +0 long sword
rCold   . . .      Faith    .   N - +0 buckler
rNeg    + + +      Spirit   .   r - +0 robe {Archmagi}
rPois   ∞          Reflect  .   D - +2 helmet
rElec   .          Harm     .   t - +0 cloak
rCorr   .          Rampage  .   (no gloves)
Will    .....      Archmagi +   (no boots)
Stlth   +++.......              (no amulet)
HPRegen 0.23/turn               w - +4 ring of evasion
MPRegen 0.15/turn               J - +4 ring of evasion

@: petrified, gold aura
A: fangs 1, strong nose, distributed training
a: Renounce Religion, Potion Petition, Call Merchant, Bribe Branch


You were on level 8 of the Dungeon.
You worshipped Gozag.
Gozag was most pleased with you.
You visited 2 branches of the dungeon, and saw 9 of its levels.
You also visited: Sewer.

You collected 1175 gold pieces.

Inventory:

Hand Weapons
 a - a +0 falchion
 y - a +0 long sword (weapon)
Missiles
 i - 26 poisoned darts
 A - 2 datura-tipped darts
Armour
 r - a +0 robe of the Archmagi (worn)
 t - a +0 cloak (worn)
 C - the +1 leather armour of Spring {rF+ Str+3 Dex+2}
   (You found it on level 4 of the Dungeon)

   Str:       It affects your strength (+3).
   Dex:       It affects your dexterity (+2).
   rF:        It protects you from fire.
 D - a +2 helmet (worn)
 N - a +0 buckler (worn)
Magical Staves
 d - a staff of cold
Jewellery
 u - a ring of positive energy
 w - a +4 ring of evasion (left hand)
 J - a +4 ring of evasion (right hand)
 L - an amulet of guardian spirit
Wands
 E - a wand of flame (53)
 K - a wand of iceblast (1)
 O - a wand of acid (6)
Scrolls
 f - 3 scrolls of noise {unknown}
 g - 2 scrolls of enchant weapon {unknown}
 h - a scroll of fear {unknown}
 j - 5 scrolls of teleportation {unknown}
 l - a scroll of blinking {unknown}
 m - 6 scrolls of identify {unknown}
 o - 2 scrolls of brand weapon {unknown}
 p - 4 scrolls of enchant armour {unknown}
 x - a scroll of holy word {unknown}
 B - 2 scrolls of magic mapping {unknown}
 F - a scroll of fog {unknown}
 G - 2 scrolls of vulnerability {unknown}
 I - a scroll of summoning {unknown}
 M - a scroll of immolation {unknown}
Potions
 b - 2 potions of brilliance {unknown}
 c - a potion of ambrosia
 e - a potion of attraction {unknown}
 k - a potion of degeneration {unknown}
 n - 2 potions of curing
 q - 3 potions of flight
 s - 2 potions of invisibility {unknown}
 v - 4 potions of heal wounds
 z - 2 potions of haste
 H - 2 potions of lignification {unknown}


   Skills:
 + Level 8.5 Fighting
 + Level 5.2 Short Blades
 + Level 8.5 Long Blades
 + Level 5.2 Axes
 + Level 5.2 Maces & Flails
 + Level 5.2 Polearms
 + Level 5.2 Staves
 + Level 5.2 Slings
 + Level 5.2 Bows
 + Level 5.2 Crossbows
 + Level 5.2 Throwing
 + Level 5.2 Armour
 + Level 8.5 Dodging
 + Level 6.8 Stealth
 + Level 5.2 Shields
 + Level 5.2 Unarmed Combat
 + Level 5.2 Spellcasting
 + Level 4.3 Conjurations
 + Level 4.3 Hexes
 + Level 4.3 Summonings
 + Level 4.3 Necromancy
 + Level 4.3 Translocations
 + Level 4.3 Transmutations
 + Level 4.3 Fire Magic
 + Level 4.3 Ice Magic
 + Level 4.3 Air Magic
 + Level 4.3 Earth Magic
 + Level 4.3 Poison Magic
 + Level 5.8 Invocations
 + Level 5.2 Evocations


You had 13 spell levels left.
You knew the following spells:

 Your Spells              Type           Power      Damage    Failure   Level
a - Magic Dart            Conj           68%        1d6       4%          1
b - Searing Ray           Conj           34%        2d5       7%          2
c - Spider Form           Tmut/Pois      17%        N/A       14%         3

Your spell library contained the following spells:

 Spells                   Type           Power      Damage    Failure   Level
 Corpse Rot               Necr/Air       34%        N/A       7%          2
 Ensorcelled Hibernation  Hex/Ice        34%        N/A       7%          2
 Anguish                  Hex/Necr       8%         N/A       43%         4
 Dispel Undead            Necr           17%        3d10      43%         4
 Fulminant Prism          Conj/Hex       8%         3d7       43%         4
 Death Channel            Necr           8%         N/A       100%        6


Dungeon Overview and Level Annotations

Branches:
Dungeon (8/15)             Temple (1/1) D:5           Sewer (visited)
   Lair: D:8-11

Altars:
Ashenzari
Cheibriados
Dithmenos
Elyvilon
Fedhas
Gozag
Kikubaaqudgha
Makhleb
Nemelex Xobeh
Okawaru
Qazlal
Ru
Sif Muna
Uskayaw
Vehumet
Xom
Yredelemnul
Zin
The Shining One

Shops:
D:1 !   D:4 ([*

Annotations:
D:4 Menkaure


Innate Abilities, Weirdness & Mutations

You have very sharp teeth.
Your uncanny sense of smell can sniff out nearby items.
Your experience applies equally to all skills.


Message History

The wyvern bites you but does no damage.
The basilisk gazes at you.
You are slowing down.
A sky beast appears from thin air!
Reactivating autopickup.
Aiming: Iceblast
Press: ? - help, Shift-Dir - straight line, f - wyvern, p - basilisk
Aim: a wyvern The mass of ice explodes!
The iceblast engulfs the wyvern!
The wyvern is heavily wounded.
The iceblast engulfs the sky beast!
The sky beast is heavily wounded.
The iceblast engulfs the basilisk!
You kill the basilisk!
The wyvern closely misses you. The wyvern barely misses you.
The wyvern closely misses you. The wyvern misses you.
Your limbs are stiffening.
Unknown command.
Unknown command.
Unknown command.
Unknown command.
You block the wyvern's attack. x2
The wyvern is distracted by your dazzling golden aura.
The sky beast flickers out of sight!
Deactivating autopickup; reactivate with Ctrl-A.
The wyvern hisses angrily.
You have turned to stone.
The wyvern bites you!
* * * LOW HITPOINT WARNING * * *
The wyvern bites you.
* * * LOW HITPOINT WARNING * * *
The wyvern bites you.
* * * LOW HITPOINT WARNING * * *
The wyvern bites you!
* * * LOW HITPOINT WARNING * * *
The wyvern barely misses you.
The wyvern is no longer distracted by gold.
The wyvern bites you!
You die...
Your body crumbles into a pile of gold.

#### ∆ ### ####. ### ####.# #
#....# #.###...#### .#......
.....###...### ### ######..$....
###### ####..###.####..........#
##....###.$......$#
##...@l{..≈###.#.#
#.###l####.#..### ### ### ### ###
##### ..# #.# #.###.########
..#####.#####..............######
..............###..(.............
#.#####.#####.##.....########.###
#.# #.....................#.###
#.# #######.##.....######......


You could see 2 wyverns.

Vanquished Creatures
  A hornet (D:8)
  2 wyverns (D:8)
  A basilisk (D:8)
  4 steam dragons
  Eustachio (D:6)
  An ice beast (D:7)
  5 sky beasts
  2 orc warriors
  2 ogres
  A centaur (D:6)
  3 phantoms
  A bullfrog (D:8)
  4 kobold brigands
  3 necrophages
  5 scorpions
  4 wights (D:7)
  4 howler monkeys
  A hound (D:5)
  A gnoll shaman (D:6)
  3 jellies
  3 orc priests
  5 iguanas
  Jessica (D:2)
  7 orc wizards
  13 gnolls
  7 adders
  A river rat (Sewer)
  2 shadow imps (D:7)
  A white imp (D:7)
  An ufetubus (D:6)
  3 worms
  3 dart slugs
  14 orcs
  5 ball pythons
  6 endoplasms
  6 giant cockroaches
  5 goblins
  6 hobgoblins
  11 jackals
  2 quokkas (D:3)
  4 bats
  3 frilled lizards (D:1)
  18 kobolds
  7 rats
183 creatures vanquished.

Vanquished Creatures (others)
  A howler monkey (D:6)
  Natasha (D:2)
2 creatures vanquished.

Grand Total: 185 creatures vanquished

Notes
Turn   | Place    | Note
-------+----------+-------------------------------------------
     0 | D:1      | Illumine the Gnoll Monk began the quest for the Orb.
     0 | D:1      | Reached XP level 1. HP: 23/23 MP: 1/1
   181 | D:1      | Found Jiplushe's Distillery.
   300 | D:1      | Reached XP level 2. HP: 29/29 MP: 2/2
   826 | D:1      | Reached XP level 3. HP: 33/35 MP: 3/3
  1022 | D:2      | Reached skill level 1 in Invocations
  1147 | D:2      | Reached skill level 1 in Short Blades
  1147 | D:2      | Reached skill level 1 in Axes
  1147 | D:2      | Reached skill level 1 in Maces & Flails
  1147 | D:2      | Reached skill level 1 in Polearms
  1147 | D:2      | Reached skill level 1 in Staves
  1147 | D:2      | Reached skill level 1 in Slings
  1147 | D:2      | Reached skill level 1 in Bows
  1147 | D:2      | Reached skill level 1 in Crossbows
  1147 | D:2      | Reached skill level 1 in Throwing
  1147 | D:2      | Reached skill level 1 in Armour
  1147 | D:2      | Reached skill level 1 in Shields
  1147 | D:2      | Reached skill level 1 in Unarmed Combat
  1147 | D:2      | Reached skill level 1 in Spellcasting
  1147 | D:2      | Reached skill level 1 in Evocations
  1284 | D:2      | Noticed Natasha
  1292 | D:2      | Killed Natasha
  1293 | D:2      | Reached XP level 4. HP: 29/41 MP: 5/5
  1587 | D:2      | Noticed Jessica
  1592 | D:2      | Killed Jessica
  1593 | D:2      | Reached skill level 1 in Conjurations
  1593 | D:2      | Reached skill level 1 in Hexes
  1593 | D:2      | Reached skill level 1 in Summonings
  1593 | D:2      | Reached skill level 1 in Necromancy
  1593 | D:2      | Reached skill level 1 in Translocations
  1593 | D:2      | Reached skill level 1 in Transmutations
  1593 | D:2      | Reached skill level 1 in Fire Magic
  1593 | D:2      | Reached skill level 1 in Ice Magic
  1593 | D:2      | Reached skill level 1 in Air Magic
  1593 | D:2      | Reached skill level 1 in Earth Magic
  1593 | D:2      | Reached skill level 1 in Poison Magic
  1644 | D:2      | Learned a level 1 spell: Magic Dart
  1663 | D:2      | Reached XP level 5. HP: 43/47 MP: 2/7
  1965 | D:2      | Found a faded altar of an unknown god.
  1965 | D:2      | Found a faded altar of an unknown god.
  2809 | D:3      | Noticed a kobold brigand
  2987 | D:4      | Found Hohuwk's Weapon Boutique.
  2998 | D:4      | Reached XP level 6. HP: 51/53 MP: 6/8
  3052 | D:4      | Noticed Menkaure
  3200 | D:5      | Entered Level 5 of the Dungeon
  3233 | D:4      | Found Lozex's Armour Shop.
  3244 | D:4      | Found Rixzemm's Assorted Antiques.
  3444 | D:4      | Reached XP level 7. HP: 59/59 MP: 7/10
  3546 | D:4      | Identified the +1 leather armour of Spring {rF+ Str+3
                  | Dex+2}
  3953 | D:3      | Learned a level 2 spell: Searing Ray
  4464 | D:5      | Reached skill level 5 in Stealth
  4779 | D:5      | Reached XP level 8. HP: 67/67 MP: 8/12
  5224 | D:5      | Found a staircase to the Ecumenical Temple.
  5233 | Temple   | Entered the Ecumenical Temple
  5326 | Temple   | Became a worshipper of Gozag Ym Sagoz the Greedy
  5760 | D:6      | Noticed Eustachio
  5804 | D:6      | Killed Eustachio
  5911 | D:6      | Found a glowing drain.
  6101 | Sewer    | Entered a sewer
  6379 | Sewer    | Reached XP level 9. HP: 63/72 MP: 3/14
  6581 | Sewer    | Found a glowing silver altar of Zin.
  8465 | D:7      | Reached skill level 5 in Invocations
  9025 | D:7      | Reached XP level 10. HP: 80/80 MP: 10/17
  9238 | D:7      | Learned a level 3 spell: Spider Form
  9426 | D:8      | Identified the +1 leather armour "Josunted" {Dex+4}
  9429 | D:8      | Found a basalt altar of Yredelemnul.
  9429 | D:8      | Found a stormy altar of Qazlal.
  9482 | D:8      | Reached skill level 5 in Short Blades
  9482 | D:8      | Reached skill level 5 in Axes
  9482 | D:8      | Reached skill level 5 in Maces & Flails
  9482 | D:8      | Reached skill level 5 in Polearms
  9482 | D:8      | Reached skill level 5 in Staves
  9482 | D:8      | Reached skill level 5 in Slings
  9482 | D:8      | Reached skill level 5 in Bows
  9482 | D:8      | Reached skill level 5 in Crossbows
  9482 | D:8      | Reached skill level 5 in Throwing
  9482 | D:8      | Reached skill level 5 in Armour
  9482 | D:8      | Reached skill level 5 in Shields
  9482 | D:8      | Reached skill level 5 in Unarmed Combat
  9482 | D:8      | Reached skill level 5 in Spellcasting
  9482 | D:8      | Reached skill level 5 in Evocations
 10333 | D:8      | Slain by a wyvern

Illustrated notes

Levels and vault maps discovered:
D:1:      sevenhm_arrival_forest_fort_small_4, layout_loops_ring, serial_shops,
          nicolae_lakefront_shop, minmay_misc_feat_room
D:2:      wander_river, layout_loops_cross,
          hellmonk_ecumenical_altar_the_god_not_taken, minmay_bisected,
          uniq_natasha, uniq_jessica
D:3:      cheibrodos_thug_alley, layout_loops_ring
D:4:      layout_loops_ring, serial_shops, shop, shop, shop, uniq_menkaure
D:5:      layout_loops_ring, minmay_temple_entry_poolview, dk_noncrumbling_2
D:6:      layout_gridville, gup_sewer_entry_glass, uniq_eustachio
D:7:      layout_basic, hangedman_misty_isle
D:8:      layout_loops_ring, nicolae_wu_jian_immortal_techniques,
          amethyst_overflow_temple_binary, erik_lair_dragon
Temple:   minmay_temple_bridge_d

Skill      XL: |  1  2  3  4  5  6  7  8  9 10 |
---------------+-------------------------------+-----
Invocations    | 1 2 3 4 5 |  5.8
Short Blades   | 1 2 3 4 5 |  5.2
Axes           | 1 2 3 4 5 |  5.2
Maces & Flails | 1 2 3 4 5 |  5.2
Polearms       | 1 2 3 4 5 |  5.2
Staves         | 1 2 3 4 5 |  5.2
Slings         | 1 2 3 4 5 |  5.2
Bows           | 1 2 3 4 5 |  5.2
Crossbows      | 1 2 3 4 5 |  5.2
Throwing       | 1 2 3 4 5 |  5.2
Armour         | 1 2 3 4 5 |  5.2
Shields        | 1 2 3 4 5 |  5.2
Unarmed Combat | 1 2 3 4 5 |  5.2
Spellcasting   | 1 2 3 4 5 |  5.2
Evocations     | 1 2 3 4 5 |  5.2
Conjurations   | 1 2 3 4 |  4.3
Hexes          | 1 2 3 4 |  4.3
Summonings     | 1 2 3 4 |  4.3
Necromancy     | 1 2 3 4 |  4.3
Translocations | 1 2 3 4 |  4.3
Transmutations | 1 2 3 4 |  4.3
Fire Magic     | 1 2 3 4 |  4.3
Ice Magic      | 1 2 3 4 |  4.3
Air Magic      | 1 2 3 4 |  4.3
Earth Magic    | 1 2 3 4 |  4.3
Poison Magic   | 1 2 3 4 |  4.3
Fighting       | 7 8 |  8.5
Long Blades    | 7 8 |  8.5
Dodging        | 7 8 |  8.5
Stealth        | 5 6 |  6.8

Action                   |  1- 3 |  4- 6 |  7- 9 | 10-12 || total
-------------------------+-------+-------+-------+-------++-------
Melee: Falchion          |    95 |    50 |       |       ||   145
       Bite              |    11 |     9 |    25 |     8 ||    53
       Punch             |     2 |     1 |     9 |     1 ||    13
       Long sword        |       |    76 |   301 |    58 ||   435
       Unarmed           |       |       |       |    24 ||    24
 Cast: Magic Dart        |       |    33 |   125 |    18 ||   176
       Searing Ray       |       |       |    33 |     7 ||    40
       Spider Form       |       |       |       |     2 ||     2
Evoke: Wand              |       |       |       |     3 ||     3
 Stab: Sleeping          |     9 |     5 |     3 |       ||    17
       Distracted        |       |       |     2 |       ||     2
Armor: Robe              |    10 |    22 |    58 |    16 ||   106
Dodge: Dodged            |    66 |    97 |   263 |    80 ||   506
Block: Buckler           |       |       |       |    12 ||    12

Table legend: (Time is in decaauts)
 A = Elapsed time spent in this place.
 B = Non-inter-level travel time spent in this place.
 C = Inter-level travel time spent in this place.
 D = Time resting spent in this place.
 E = Time spent auto-exploring this place.
 F = Levels seen in this place.
 G = Mean time per level.
                   A        B        C        D        E       F      G
               +--------+--------+--------+--------+--------+-----+--------+
         Total |  10414 |   9924 |    490 |   1164 |   6516 |  10 | 1041.4 |
       Dungeon |   9696 |   9299 |    397 |    958 |   6218 |   8 | 1212.0 |
        Temple |    161 |     68 |     93 |      0 |     57 |   1 |  161.0 |
         Sewer |    556 |    556 |      0 |    206 |    240 |   1 |  556.0 |
               +--------+--------+--------+--------+--------+-----+--------+

Top non-repeatable levels by time:
     D:3: 1500 daAuts
     D:6: 1483 daAuts
     D:7: 1469 daAuts
     D:5: 1244 daAuts
     D:2: 1181 daAuts
     D:8: 1063 daAuts
     D:1: 893 daAuts
     D:4: 860 daAuts
   Sewer: 556 daAuts
  Temple: 161 daAuts
